 Dungeon Crawl Stone Soup version 0.31-a0-246-g8cbcc1cb85 (webtiles) character file.

Game seed: 15008223455497969685

231 qw the Shooter (level 6, -2/37 HPs)
             Began as a Gargoyle Hexslinger on July 12, 2023.
             Slain by Duvessa
             ... wielding a +0 short sword
              (15 damage)
             ... on level 5 of the Dungeon.
             The game lasted 00:00:56 (2496 turns).

qw the Shooter (Gargoyle Hexslinger)                Turns: 2496, Time: 00:00:57

Health: -2/37      AC:  9    Str: 11    XL:     6   Next: 4%
Magic:  7/7        EV: 15    Int: 14    God:
Gold:   172        SH:  0    Dex: 14    Spells: 6/7 levels left

rFire   . . .        Y - +3 sling
rCold   . . .        (no shield)
rNeg    + . .        i - +0 ring mail
rPois   inf          (no helmet)
rElec   +            (no cloak)
rCorr   .            (no gloves)
SInv    .            (no boots)
Will    +....        b - amulet of regeneration
Stlth   +            f - ring of willpower
HPRegen 1.06/turn    a - +5 ring of evasion
MPRegen 0.10/turn

%: no passive effects
@: no status effects
A: sickness immunity, AC +4, negative energy resistance 1, electricity
resistance, torment resistance 1, petrification resistance
a: no special abilities


You were on level 5 of the Dungeon.
You visited 1 branch of the dungeon, and saw 5 of its levels.

You collected 172 gold pieces.


Innate Abilities, Weirdness & Mutations

You are immune to sickness and miasma.
Your stone body is resilient. (AC +4)
You are immune to poison.
You resist negative energy. (rN+)
You are resistant to electric shocks. (rElec)
You are resistant to unholy torment.
You are immune to petrification.


   Skills:
 - Level 3.6 Fighting
 + Level 5.0 Ranged Weapons
 - Level 1.0 Armour
 - Level 1.5 Dodging
 - Level 1.0 Spellcasting
 - Level 2.6 Hexes


You had 6 spell levels left.
You knew the following spells:

 Your Spells              Type           Power      Damage    Failure   Level
a - Slow                  Hex            32%        N/A       21%         1

Your spell library contained the following spells:

 Spells                   Type           Power      Damage    Failure   Level
 Inner Flame              Hex/Fire       4%         N/A       71%         3
 Portal Projectile        Hex/Tloc       8%         N/A       71%         3
 Cause Fear               Hex            4%         N/A       90%         4

Inventory:

Hand Weapons
 Y - a +3 sling (weapon)
Armour
 i - a +0 ring mail (worn)
Jewellery
 a - a +5 ring of evasion (right hand)
 b - an amulet of regeneration (around neck)
 f - a ring of willpower (left hand)
Scrolls
 g - a scroll of identify
 h - a scroll of enchant armour
 j - a scroll of teleportation {unknown}
 k - a scroll of fear {unknown}
Potions
 c - a potion of attraction {unknown}
 d - 2 potions of curing
 e - a potion of might

Dungeon Overview and Level Annotations

Branches:
Dungeon (5/15)
 Temple: D:4-7

Altars:
Fedhas

Shops:
D:3 =

Annotations:
D:5 Duvessa


Message History

Your Fighting skill increases to level 3!
You have reached level 6!
You shoot a sling bullet. The sling bullet hits Duvessa.
Duvessa is lightly wounded.
Duvessa completely misses you.
You shoot a sling bullet.
The sling bullet hits Duvessa but does no damage.
Duvessa is lightly wounded.
Duvessa closely misses you. x2
You shoot a sling bullet.
The sling bullet completely misses Duvessa.
Duvessa closely misses you. Duvessa hits you with a +0 short sword!
Duvessa hits you with a +0 short sword.
You shoot a sling bullet. The sling bullet hits Duvessa.
Duvessa is lightly wounded.
Duvessa closely misses you. Duvessa hits you with a +0 short sword!
You shoot a sling bullet.
The sling bullet hits Duvessa but does no damage.
Duvessa is lightly wounded.
Duvessa completely misses you.
You shoot a sling bullet.
The sling bullet closely misses Duvessa.
Duvessa closely misses you. Duvessa completely misses you.
You shoot a sling bullet.
The sling bullet hits Duvessa but does no damage.
Duvessa is lightly wounded.
Duvessa hits you with a +0 short sword! Duvessa closely misses you.
You shoot a sling bullet.
The sling bullet hits Duvessa but does no damage.
Duvessa is lightly wounded.
Duvessa misses you. Duvessa hits you but does no damage.
You shoot a sling bullet.
The sling bullet hits Duvessa but does no damage.
Duvessa is lightly wounded.
Duvessa barely misses you. Duvessa hits you but does no damage.
You shoot a sling bullet.
The sling bullet hits Duvessa but does no damage.
Duvessa is lightly wounded.
Duvessa hits you with a +0 short sword!
You die...

# #.####
#..e@#
#..#.# ....
#.# ####
#.#
#.######
#......#
#..######.#
#..# #.#
#..# #.#


You could see Duvessa (berserk).

Vanquished Creatures
  Dowan (D:5)
  A howler monkey (D:4)
  A hound (D:5)
  An orc wizard (D:3)
  2 adders (D:2)
  A worm (D:2)
  A dart slug (D:3)
  6 orcs (D:3)
  9 endoplasms
  2 giant cockroaches
  5 goblins
  4 hobgoblins
  6 jackals (D:1)
  6 kobolds
  2 ball pythons (D:1)
  5 bats
  3 frilled lizards
  2 rats
58 creatures vanquished.

Notes
Turn   | Place    | Note
-------+----------+-------------------------------------------
     0 | D:1      | qw the Gargoyle Hexslinger began the quest for the Orb.
     0 | D:1      | Reached XP level 1. HP: 12/12 MP: 2/2
     0 | D:1      | 0 ||| qw: Version: 0.3-a-52-g30416fa
     0 | D:1      | 0 ||| qw: Game counter: 6412
     0 | D:1      | 0 ||| qw: Melee chars always use a shield: true
     0 | D:1      | 0 ||| qw: God list: Okawaru
     0 | D:1      | 0 ||| qw: Allow faded altars: false
     0 | D:1      | 0 ||| qw: Do Orc after clearing Dungeon:15 true
     0 | D:1      | 0 ||| qw: Do second Lair branch before Depths: true
     0 | D:1      | 0 ||| qw: Lair rune preference: random
     0 | D:1      | 0 ||| qw: Goals: Normal
     0 | D:1      | 0 ||| PLANNING D:1-11
   226 | D:1      | Reached XP level 2. HP: 16/16 MP: 3/3
   291 | D:1      | Reached skill level 3 in Ranged Weapons
   641 | D:1      | Reached XP level 3. HP: 21/21 MP: 4/4
   765 | D:1      | 765 ||| UPGRADING to +0 leather armour.
   775 | D:1      | 775 ||| DROPPING +0 robe.
   776 | D:1      | 776 ||| UPGRADING to +0 ring mail.
   786 | D:1      | 786 ||| DROPPING +0 leather armour.
   787 | D:1      | 787 ||| READING scroll labelled TAAS LIUBIODIA.
   788 | D:1      | 788 ||| READING 2 scrolls labelled FEHUERCH WYARE.
   789 | D:1      | 789 ||| DRINKING 2 murky green potions.
   790 | D:1      | 790 ||| DROPPING scroll of poison.
  1344 | D:2      | Reached XP level 4. HP: 26/26 MP: 5/5
  1692 | D:2      | 1692 ||| UPGRADING to amulet of regeneration.
  1697 | D:2      | 1697 ||| UPGRADING to ring of willpower.
  1698 | D:2      | 1698 ||| READING scroll labelled MOSOSE JOXAEST.
  1699 | D:2      | 1699 ||| READING scroll labelled LAUMOE PUARR.
  1700 | D:2      | 1700 ||| DRINKING 2 silvery potions.
  1701 | D:2      | 1701 ||| DRINKING 2 bubbling white potions.
  1702 | D:2      | 1702 ||| DRINKING 2 potions of curing.
  1702 | D:2      | 1702 ||| (to cure confusion)
  1703 | D:2      | 1703 ||| READING 2 scrolls of identify.
  1703 | D:2      | 1703 ||| IDENTIFYING ruby potion
  1704 | D:2      | 1704 ||| DROPPING potion of brilliance.
  1705 | D:2      | 1705 ||| DROPPING potion of ambrosia.
  1771 | D:3      | Found Baoli's Jewellery Shop.
  1774 | D:3      | 1774 ||| SHOPLISTING +6 ring of strength (360 gold, have
                  | 126).
  1774 | D:3      | 1774 ||| SHOPLISTING ring of fire (250 gold, have 126).
  1774 | D:3      | 1774 ||| SHOPLISTING ring of resist corrosion (200 gold,
                  | have 126).
  1774 | D:3      | 1774 ||| SHOPLISTING ring of see invisible (150 gold, have
                  | 126).
  1774 | D:3      | 1774 ||| SHOPLISTING ring of the Camelopard {Fly rC+ Str-5
                  | SInv} (252 gold, have 126).
  1816 | D:3      | Found a faded altar of an unknown god.
  1838 | D:3      | Reached skill level 4 in Ranged Weapons
  1968 | D:3      | Found a blossoming altar of Fedhas.
  1985 | D:3      | Reached skill level 1 in Armour
  2258 | D:3      | 2258 ||| UPGRADING to +5 ring of evasion.
  2320 | D:4      | Reached skill level 5 in Ranged Weapons
  2320 | D:4      | Reached XP level 5. HP: 28/30 MP: 6/6
  2367 | D:4      | 2367 ||| READING scroll of enchant weapon.
  2367 | D:4      | 2367 ||| ENCHANTING +2 sling.
  2445 | D:4      | You fall into a shaft and drop 1 floor!
  2445 | D:5      | Entered Level 5 of the Dungeon
  2482 | D:5      | Noticed Dowan
  2482 | D:5      | Noticed Duvessa
  2486 | D:5      | Killed Dowan
  2487 | D:5      | Reached skill level 3 in Fighting
  2487 | D:5      | Reached XP level 6. HP: 35/37 MP: 7/7
  2493 | D:5      | HP: 9/37 [Duvessa/+0 short sword (9)]
  2496 | D:5      | Slain by Duvessa

Levels and vault maps discovered:
D:1:      dpeg_arrival_snail, layout_loops_ring, kennysheep_small_spiral
D:2:      layout_basic, nicolae_figureground_pulse
D:3:      layout_loops_ring, fedhas_ov_isle_minmay, serial_shops,
          nicolae_shop_trees, chequers_ecumenical_altar_simple_redux,
          chequers_garden, nicolae_titane
D:4:      layout_basic, elyvilon_altar_4, nicolae_overflow_hallway_of_the_gods
D:5:      layout_basic, ebering_ghost_reflecting_pool, uniq_duvessa

Skill      XL: |  1  2  3  4  5 |
---------------+----------------+-----
Ranged Weapons | 3 5 |  5.0
Fighting       | 2 3 |  3.6
Armour         | 1 |  1.0
Dodging        | |  1.5
Spellcasting   | |  1.0
Hexes          | |  2.6

Action                     |  1- 3 |  4- 6 || total
---------------------------+-------+-------++-------
   Fire: Sling             |   116 |    94 ||   210
    Use: Scroll            |     2 |     4 ||     6
         Potion            |     1 |     3 ||     4
 Armour: Robe              |     9 |       ||     9
         Ring mail         |    12 |    15 ||    27
  Dodge: Dodged            |    35 |    34 ||    69

Table legend:
 A = Non-vault XP
 B = Vault XP
 C = Vault XP percentage of total XP
 D = Non-vault monster count
 E = Vault monster count
 F = Vault count percentage of total count
                 A         B        C        D         E       F
            +---------+---------+-------+---------+---------+-------
      Total |     262 |      69 |  20.8 |      57 |       1 |   1.7
            +---------+---------+-------+---------+---------+-------
        D:1 |      35 |       0 |   0.0 |      20 |       0 |   0.0
        D:2 |      57 |       0 |   0.0 |      18 |       0 |   0.0
        D:3 |      71 |       0 |   0.0 |      16 |       0 |   0.0
        D:4 |      57 |       0 |   0.0 |       2 |       0 |   0.0
        D:5 |      42 |      69 |  62.2 |       1 |       1 |  50.0
            +---------+---------+-------+---------+---------+-------
